 Dungeon Crawl Stone Soup version 0.30-a0-578-gdee14c521f (webtiles) character file.

Game seed: 9590676791614354299

110 Newt the Trooper (level 4, 0/38 HPs)
             Began as a Demonspawn Gladiator on Dec 31, 2022.
             Slain by Terence
             ... wielding a +0 mace
              (3 damage)
             ... on level 3 of the Dungeon.
             The game lasted 00:02:41 (1969 turns).

Newt the Trooper (Demonspawn Gladiator)             Turns: 1969, Time: 00:02:41

Health: 0/38       AC:  5    Str: 14    XL:     4   Next: 61%
Magic:  4/4        EV: 12    Int:  9    God:
Gold:   114        SH:  0    Dex: 17    Spells: 3/3 levels left

rFire   . . .      SeeInvis .    f - +1 sling (freeze)
rCold   . . .      Faith    .    (no shield)
rNeg    . . .      Spirit   .    b - +0 leather armour
rPois   .          Reflect  .    c - +0 helmet
rElec   .          Harm     .    (no cloak)
rCorr   .          Rampage  .    (no gloves)
Will    .....                    (no boots)
Stlth   ++                       (no amulet)
HPRegen 0.26/turn                (no ring)
MPRegen 0.09/turn                (no ring)

@: no status effects
A: rugged brown scales 1
a: no special abilities


You were on level 3 of the Dungeon.
You visited 1 branch of the dungeon, and saw 3 of its levels.

You collected 114 gold pieces.

Inventory:

Hand Weapons
 a - a +1 rapier
 f - a +1 sling of freezing (weapon)
Missiles
 e - a javelin
 h - a boomerang of dispersal
Armour
 b - a +0 leather armour (worn)
 c - a +0 helmet (worn)
Jewellery
 l - a ring of magical power
 r - a ring of positive energy
Scrolls
 m - a scroll of blinking
 o - a scroll of identify
 p - 3 scrolls of poison {unknown}
 t - a scroll of fear {unknown}
Potions
 g - a potion of lignification
 i - 2 potions of degeneration {unknown}
 k - a potion of heal wounds {unknown}
 n - a potion of brilliance {unknown}
 q - a potion of attraction {unknown}
 s - a potion of might {unknown}


   Skills:
 - Level 4.0 Fighting
 - Level 2.6 Short Blades
 + Level 1.2 Ranged Weapons
 - Level 1.7 Throwing
 - Level 2.6 Dodging
 - Level 2.0 Stealth


You had 3 spell levels left.
You didn't know any spells.
Your spell library contained the following spells:

 Spells                   Type           Power      Damage    Failure   Level
 Call Canine Familiar     Summ           0%         N/A       83%         3
 Portal Projectile        Hex/Tloc       0%         N/A       83%         3
 Leda's Liquefaction      Hex/Erth       0%         N/A       99%         4
 Alistair's Intoxication  Tmut/Pois      0%         N/A       100%        5
 Borgnjor's Vile Clutch   Necr/Erth      0%         N/A       100%        5
 Fireball                 Conj/Fire      0%         3d3       100%        5
 Iskenderun's Battlesphe  Conj           0%         2d6       100%        5
 Conjure Ball Lightning   Conj/Air       0%         3x3d6     100%        6
 Eringya's Noxious Bog    Tmut/Pois      0%         N/A       100%        6
 Orb of Destruction       Conj           0%         9d5       100%        7


Dungeon Overview and Level Annotations

Branches:
Dungeon (3/15)

Altars:
Nemelex Xobeh

Annotations:
D:3 Terence


Innate Abilities, Weirdness & Mutations

You are partially covered in rugged brown scales. (AC +1, +3% HP)


Message History

Fire: f) +1 sling (freeze)
Press: ? - help, Q - select action, (/) - cycle Shift-Dir - straight line, f/p - Terence
Aim: Terence, wielding a +0 mace and wearing a +4 chain mail of poison resistance (heavily wounded, entangled in a net, 93% to hit)
You shoot a sling bullet.
The sling bullet hits Terence but does no damage.
Terence is heavily wounded.
Terence struggles against the net.
Fire: f) +1 sling (freeze)
Press: ? - help, Q - select action, (/) - cycle Shift-Dir - straight line, f/p - Terence
Aim: Terence, wielding a +0 mace and wearing a +4 chain mail of poison resistance (heavily wounded, entangled in a net, 93% to hit)
You shoot a sling bullet.
The sling bullet hits Terence but does no damage.
Terence is heavily wounded.
Terence struggles against the net.
The net rips apart, and Terence comes free!
Fire: f) +1 sling (freeze)
Press: ? - help, Q - select action, (/) - cycle Shift-Dir - straight line, f/p - Terence
Aim: Terence, wielding a +0 mace and wearing a +4 chain mail of poison resistance (heavily wounded, 68% to hit)
You shoot a sling bullet. The sling bullet hits Terence.
The sling bullet freezes Terence.
Terence is severely wounded.
Terence hits you with a +0 mace.
* * * LOW HITPOINT WARNING * * *
Fire: f) +1 sling (freeze)
Press: ? - help, Q - select action, (/) - cycle Shift-Dir - straight line, f/p - Terence
Aim: Terence, wielding a +0 mace and wearing a +4 chain mail of poison resistance (severely wounded, 68% to hit)
You shoot a sling bullet.
The sling bullet hits Terence but does no damage.
Terence is severely wounded.
Terence hits you with a +0 mace.
* * * LOW HITPOINT WARNING * * *
Fire: f) +1 sling (freeze)
Press: ? - help, Q - select action, (/) - cycle Shift-Dir - straight line, f/p - Terence
Aim: Terence, wielding a +0 mace and wearing a +4 chain mail of poison resistance (severely wounded, 68% to hit)
You shoot a sling bullet. The sling bullet hits Terence.
The sling bullet freezes Terence.
Terence is severely wounded.
Terence says, "How do you enjoy it?" Terence hits you with a +0 mace.
You die...

#.#.# # #.#.# # #.#@# #
## #.#.##.# ##### #
..#####.#.##.#
#####...##########
.....#..#.##.#
#...[...........##
.[........##.#
#.###...#######.##
.......#####.###.#
##............ .......#
#.#..@## #.########.##
.......#####...@..# #.#
#.# ...........(((....#
#.# #.##
.......#####.(....# #.#
#.##
#................## #.#
#.##
#..##.##.###.##.#####.#
....
#..##.##.###.##.......#
..##
#.>....).)..#........##
#.##
##.##.##.#.#.##.####.#
#.##


You could see Terence.

Vanquished Creatures
  3 gnolls
  3 adders
  A worm (D:2)
  A dart slug (D:2)
  3 endoplasms
  A giant cockroach (D:2)
  5 hobgoblins
  4 jackals
  3 quokkas
  4 ball pythons (D:1)
  4 bats
  3 frilled lizards (D:1)
  3 goblins
  5 kobolds (D:1)
  5 rats
48 creatures vanquished.

Notes
Turn   | Place    | Note
-------+----------+-------------------------------------------
     0 | D:1      | Newt the Demonspawn Gladiator began the quest for the Orb.
     0 | D:1      | Reached XP level 1. HP: 16/16 MP: 1/1
    86 | D:1      | Reached skill level 1 in Stealth
   166 | D:1      | Gained mutation: You are partially covered in rugged brown
                  | scales. (AC +1, +3% HP) [demonic ancestry]
   166 | D:1      | Reached XP level 2. HP: 14/22 MP: 2/2
   818 | D:2      | Reached XP level 3. HP: 28/28 MP: 3/3
   873 | D:2      | Reached skill level 3 in Fighting
  1342 | D:2      | Found a sparkling altar of Nemelex Xobeh.
  1556 | D:2      | Reached XP level 4. HP: 32/38 MP: 4/4
  1743 | D:3      | Reached skill level 4 in Fighting
  1893 | D:3      | Reached skill level 1 in Ranged Weapons
  1915 | D:3      | Noticed Terence
  1969 | D:3      | Slain by Terence

Illustrated notes

Levels and vault maps discovered:
D:1:      dpeg_arrival_pits, layout_basic
D:2:      layout_loops_ring, basic_altar
D:3:      layout_loops_ring, roderic_roman_lattice, hex_medium,
          chequers_serial_rivers_large_b, uniq_terence

Skill      XL: |  1  2  3  4 |
---------------+-------------+-----
Stealth        | 1 2 |  2.0
Fighting       | 3 4 |  4.0
Ranged Weapons | 1 |  1.2
Short Blades   | |  2.6
Throwing       | |  1.7
Dodging        | |  2.6

Action                   |  1- 3 |  4- 6 || total
-------------------------+-------+-------++-------
Melee: Rapier            |    69 |       ||    69
       Punch             |     1 |       ||     1
 Fire: Sling             |    27 |    49 ||    76
Throw: Dart              |       |     5 ||     5
       Boomerang         |       |     5 ||     5
       Throwing net      |       |     4 ||     4
  Use: Scroll            |     4 |       ||     4
 Stab: Sleeping          |     3 |       ||     3
Armor: Leather armour    |    18 |     4 ||    22
Dodge: Dodged            |    53 |    15 ||    68

Table legend: (Time is in decaauts)
 A = Elapsed time spent in this place.
 B = Non-inter-level travel time spent in this place.
 C = Inter-level travel time spent in this place.
 D = Time resting spent in this place.
 E = Time spent auto-exploring this place.
 F = Levels seen in this place.
 G = Mean time per level.
                   A        B        C        D        E       F      G
               +--------+--------+--------+--------+--------+-----+--------+
         Total |   2005 |   1940 |     65 |    171 |   1398 |   3 |  668.3 |
       Dungeon |   2005 |   1940 |     65 |    171 |   1398 |   3 |  668.3 |
               +--------+--------+--------+--------+--------+-----+--------+

Top non-repeatable levels by time:
     D:2: 943 daAuts
     D:1: 801 daAuts
     D:3: 260 daAuts
